 Dungeon Crawl Stone Soup version 0.25-a0-663-gace7076 (webtiles) character file.

Game seed: 13819468468585632744, levelgen mode: deterministic

70 MrTaco21 the Cudgeler (level 4, -22/28 HPs)
             Began as a Gargoyle Fighter on Mar 24, 2020.
             Blown up by Ijyb (32 damage)
             ... with a disintegration bolt
             ... on level 3 of the Dungeon.
             The game lasted 00:01:45 (1778 turns).

MrTaco21 the Cudgeler (Gargoyle Fighter)            Turns: 1778, Time: 00:01:45

Health: -22/28     AC: 12    Str: 21    XL:     4   Next: 22%
Magic:  4/4        EV:  7    Int:  8    God:
Gold:   103        SH:  9    Dex:  9    Spells: 3/3 levels left

rFire    . . .     SeeInvis .   a - +0 flail
rCold    . . .     Gourm    .   c - +0 kite shield
rNeg     + . .     Faith    .   b - +0 scale mail
rPois    ∞         Spirit   .   (no helmet)
rElec    +         Reflect  .   (no cloak)
rCorr    .         Harm     .   j - +1 pair of gloves
MR       .....                  (no boots)
Stlth    ..........             (no amulet)
HPRegen  0.09/turn              (no ring)
MPRegen  0.09/turn              (no ring)

@: no status effects
A: negative energy resistance 1, electricity resistance, unbreathing,
petrification resistance, rot immunity, AC +3
a: no special abilities


You were on level 3 of the Dungeon.
You were not hungry.

You visited 1 branch of the dungeon, and saw 3 of its levels.

You collected 103 gold pieces.

Inventory:

Hand Weapons
 a - a +0 flail (weapon)
Armour
 b - a +0 scale mail (worn)
 c - a +0 kite shield (worn)
 j - a +1 pair of gloves (worn)
   (You found it on level 1 of the Dungeon)
Scrolls
 h - a scroll of enchant armour {unknown}
 i - 2 scrolls of blinking {unknown}
 l - 2 scrolls of fear {unknown}
 m - a scroll of enchant weapon {unknown}
 n - a scroll of amnesia {unknown}
Potions
 d - a potion of might
 g - 2 potions of curing {unknown}
 k - a potion of mutation {unknown}
 o - a potion of resistance {unknown}
Comestibles
 e - 4 rations {!d}


   Skills:
 - Level 3.2 Fighting
 + Level 4.3 Maces & Flails
 - Level 3.2 Armour
 - Level 3.2 Shields


You had 3 spell levels left.
You didn't know any spells.
Your spell library was empty.

Dungeon Overview and Level Annotations

Branches:
Dungeon (3/15)

Altars:

Annotations:
D:3 Ijyb


Innate Abilities, Weirdness & Mutations

You are resistant to torment.
Your stone body is resilient. (AC +3)
You are immune to poison.
You resist negative energy. (rN+)
You are resistant to electric shocks. (rElec)
You can survive without breathing.
You are immune to petrification.
You are immune to rotting.


Message History

The kobold hits you.
You sock the kobold!
You kill the kobold!
No target in view!
No target in view!
No target in view!
No target in view!
No target in view!
No target in view!
No target in view!
No target in view!
All of the chunks of flesh in your inventory have rotted away.
Done exploring.
Done exploring.
Done exploring.
Done exploring.
Search for what [Enter for "."]? .
There is a stone staircase leading down here.
You climb downwards.
There is a stone staircase leading up here.
A hobgoblin comes into view. It is wielding a +0 club.
The hobgoblin shouts!
You hear a shout! x2
A hobgoblin is nearby!
A hobgoblin is nearby!
You hit the hobgoblin.
Ijyb the Twisted Goblin comes into view.
She is wearing a +0 leather armour of fire resistance and carrying a wand of disintegration (9).
The hobgoblin hits you with a +0 club.
The hobgoblin hits you but does no damage.
An orc comes into view. It is wielding a +0 war axe.
You hit the hobgoblin.
The hobgoblin hits you but does no damage.
Your shield and scale mail prevent you from hitting the hobgoblin.
You block the hobgoblin's attack.
You hit Ijyb. You block Ijyb's attack.
The hobgoblin hits you but does no damage.
Ijyb zaps a wand.
You are blasted!
Ouch! That really hurt!
* * * LOW HITPOINT WARNING * * *
Unknown command.
You closely miss Ijyb. You block the hobgoblin's attack.
Ijyb hits you but does no damage.
You closely miss Ijyb. You block Ijyb's attack.
The hobgoblin hits you but does no damage.
Unknown command.
You hit Ijyb.
Ijyb zaps a wand.
You are blasted!
Ouch! That really hurt!
You die...

.########
........#
###<# .
#g@.#
....####g###
........o..#
....###.##g#
. #.##.#
#....#
#.....o
#.#####. #.
.#


You could see Ijyb, an orc and a hobgoblin.

Vanquished Creatures
  An adder (D:2)
  A gnoll (D:1)
  A worm (D:2)
  A dart slug (D:1)
  2 leopard geckos (D:1)
  A giant cockroach (D:1)
  9 goblins
  5 hobgoblins
  4 jackals (D:2)
  A quokka (D:2)
  5 bats
  3 frilled lizards (D:1)
  7 kobolds
  A rat (D:1)
42 creatures vanquished.

Notes
Turn   | Place    | Note
-------+----------+-------------------------------------------
     0 | D:1      | MrTaco21 the Gargoyle Fighter began the quest for the Orb.
     0 | D:1      | Reached XP level 1. HP: 14/14 MP: 1/1
   361 | D:1      | Reached XP level 2. HP: 19/19 MP: 2/2
   384 | D:1      | Reached skill level 3 in Maces & Flails
   531 | D:1      | Reached XP level 3. HP: 20/23 MP: 3/3
   980 | D:2      | Reached skill level 4 in Maces & Flails
  1106 | D:2      | Reached XP level 4. HP: 19/28 MP: 4/4
  1767 | D:3      | Noticed Ijyb
  1778 | D:3      | Blown up by Ijyb

Levels and vault maps discovered:
D:1:      minmay_arrival_hallway, layout_rooms
D:2:      layout_loops_ring, minmay_tromino_v2
D:3:      layout_basic, first_ration, chequers_ecumenical_altar_simple,
          xom_redecorated, uniq_sigmund, uniq_ijyb, uniq_jessica

Skill      XL: |  1  2  3 |
---------------+----------+-----
Maces & Flails | 3 4 |  4.3
Fighting       | |  3.2
Armour         | |  3.2
Shields        | |  3.2

Action                   |  1- 3 |  4- 6 || total
-------------------------+-------+-------++-------
Melee: Flail             |   148 |    53 ||   201
  Eat: Chunk             |     1 |     2 ||     3
Armor: Scale mail        |   113 |    41 ||   154
Dodge: Dodged            |    47 |    23 ||    70
Block: Kite shield       |    73 |    32 ||   105

Table legend:
 A = Non-vault XP
 B = Vault XP
 C = Vault XP percentage of total XP
 D = Non-vault monster count
 E = Vault monster count
 F = Vault count percentage of total count
                 A         B        C        D         E       F
            +---------+---------+-------+---------+---------+-------
      Total |      97 |       4 |   4.0 |      40 |       2 |   4.8
            +---------+---------+-------+---------+---------+-------
        D:1 |      54 |       0 |   0.0 |      23 |       0 |   0.0
        D:2 |      43 |       4 |   8.5 |      17 |       2 |  10.5
            +---------+---------+-------+---------+---------+-------
